 Dungeon Crawl Stone Soup version 0.21.1-1-g345015f (webtiles) character file.

3975 JeffiDaFish the Geomancer (level 10, -7/50 HPs)
             Began as a Gargoyle Earth Elementalist on Feb 18, 2018.
             Was a Priest of Vehumet.
             Mangled by an orc knight
             ... wielding a +3 dire flail
              (11 damage)
             ... in a bailey on Feb 19, 2018.
             The game lasted 00:38:52 (8127 turns).

JeffiDaFish the Geomancer (GrEE)                    Turns: 8127, Time: 00:38:52

Health: -7/50      AC: 14    Str: 13    XL:     10   Next: 22%
Magic:  4/22       EV: 13    Int: 20    God:    Vehumet [***...]
Gold:   396        SH:  4    Dex: 10    Spells: 13/26 levels left

rFire    . . .     SeeInvis .   k - +1 dagger (protect)
rCold    . . .     Gourm    .   h - +0 buckler
rNeg     + . .     Faith    .   f - +0 robe
rPois    ∞         Spirit   .   o - +1 helmet
rElec    +         Reflect  .   w - +0 cloak (curse)
rCorr    .         Harm     .   (no gloves)
MR       .....                  a - +1 pair of boots
Stlth    ++........             z - amulet of magic regeneration
HPRegen  0.16/turn              j - +2 ring of strength
MPRegen  0.43/turn              (no ring)

@: no status effects
A: negative energy resistance 1, electricity resistance, unbreathing,
petrification resistance, rot immunity, AC +7
a: Renounce Religion


You were in a bailey.
You worshipped Vehumet.
Vehumet was most pleased with you.
You were very hungry.

You visited 2 branches of the dungeon, and saw 9 of its levels.
You also visited: Sewer and Bailey.

You collected 396 gold pieces.

Inventory:

Hand Weapons
 k - a +1 dagger of protection (weapon)
 n - a +0 mace
Missiles
 b - 160 stones (quivered)
Armour
 a - a +1 pair of boots (worn)
 f - a +0 robe (worn)
 h - a +0 buckler (worn)
 o - a +1 helmet (worn)
 w - a cursed +0 cloak (worn)
Jewellery
 j - a +2 ring of strength (left hand)
 z - an amulet of magic regeneration (around neck)
Wands
 y - a wand of acid (10)
Scrolls
 g - 2 scrolls of blinking
 i - 2 scrolls of identify
 p - 2 scrolls of magic mapping
 q - a scroll of fear
 r - 5 scrolls of teleportation
 u - 2 scrolls of remove curse
Potions
 c - a potion of agility
 l - 5 potions of curing
 m - 5 potions of heal wounds
 s - 2 potions of might
 t - a potion of ambrosia
 A - a potion of flight
Books
 e - a book of Geomancy

   Spells                             Type                      Level
   a - Sandblast                      Earth                        1
   b - Passwall                       Transmutation/Earth          2
   c - Stone Arrow                    Conjuration/Earth            3
   d - Petrify                        Transmutation/Earth          4
   e - Lee's Rapid Deconstruction     Earth                        5
 x - a book of Flames

   Spells                             Type                      Level
   a - Flame Tongue                   Conjuration/Fire             1
   b - Throw Flame                    Conjuration/Fire             2
   c - Conjure Flame                  Conjuration/Fire             3
   d - Inner Flame                    Hexes/Fire                   3
   e - Sticky Flame                   Conjuration/Fire             4
   f - Fireball                       Conjuration/Fire             5
Comestibles
 d - 9 rations
 v - 16 chunks of flesh


   Skills:
 + Level 4.0 Dodging
 - Level 2.1 Stealth
 - Level 4.0 Shields
 * Level 8.5 Spellcasting
 + Level 2.1 Conjurations
   Level 0.7 Transmutations
 + Level 2.0 Fire Magic
 * Level 11.2 Earth Magic


You had 13 spell levels left.
You knew the following spells:

 Your Spells              Type           Power        Failure   Level  Hunger
a - Sandblast             Erth           ######       1%          1    None
b - Stone Arrow           Conj/Erth      #####.       1%          3    None
c - Lee's Rapid Deconstr  Erth           ######....   1%          5    #####..
d - Sticky Flame          Conj/Fire      ###.....     9%          4    ###....


Dungeon Overview and Level Annotations

Branches:
Dungeon (10/15)            Temple (1/1) D:4
   Lair: D:8-11         Orc: D:9-12

Altars:
Ashenzari
Cheibriados
Elyvilon
Fedhas
Gozag
Hepliaklqana
Kikubaaqudgha
Makhleb
Nemelex Xobeh
Okawaru
Qazlal
Ru
Sif Muna
Trog
Uskayaw
Vehumet
Wu Jian
Xom
Yredelemnul
Zin
The Shining One

Shops:
D:7 %


Innate Abilities, Weirdness & Mutations

You are resistant to torment.
Your stone body is resilient. (AC +7)
You are immune to poison.
You resist negative energy. (rN+)
You are resistant to electric shocks. (rElec)
You can survive without breathing.
You are immune to petrification.
You are immune to rotting.


Message History

Confirm with . or Enter, or press ? or * to list all spells.
Aiming: Lee's Rapid Deconstruction
Press: ? - help, Dir - move target cursor The wall shatters!
The blast of rock fragments hits the orc knight.
The orc knight is heavily wounded.
You are feeling very hungry.
The orc knight hits you with an enchanted dire flail!!
Casting: Lee's Rapid Deconstruction
Confirm with . or Enter, or press ? or * to list all spells.
Aiming: Lee's Rapid Deconstruction
Press: ? - help, Dir - move target cursor The wall shatters!
The blast of rock fragments hits the orc knight.
The orc knight is severely wounded.
The orc knight hits you with an enchanted dire flail!!
Ouch! That really hurt!
* * * LOW HITPOINT WARNING * * *
The orc knight hits you with an enchanted dire flail!
You die...

##### ### ##
#!(o###.# #.#
#.###@##'##'#
.. ##)....#
...
###)....###
..⌠
#.'..⌠..'.#
..
###...()### .
#.)..(## K#
#'##'##'##
#K#.# #.###.#
## ### ####
### #(#


You could see an orc knight (berserk).

Vanquished Creatures
  The ghost of BoShek the Ruffian, a novice TrTm of Ashenzari (D:5)
  Grinder (D:6)
  The ghost of SmSkdm the Firebug, an amateur GnFE (D:4)
  Eustachio (D:5)
  A water moccasin (D:10)
  An orc warrior (D:6)
  A hornet zombie (D:6)
  2 ice beasts (D:5)
  2 phantoms
  A sky beast (D:5)
  2 ogres
  3 centaurs
  The ghost of Umoon the Ducker, an amateur TeSk (D:3)
  2 bullfrogs
  4 scorpions
  3 wights (D:7)
  4 howler monkeys
  A crimson imp (D:6)
  2 hounds (D:6)
  2 quasits
  2 jellies
  4 orc priests
  Crazy Yiuf (D:6)
  A centaur skeleton (D:6)
  7 orc wizards
  Natasha (thrice) (D:4)
  7 worker ants
  Robin (D:2)
  A worker ant zombie (D:5)
  15 gnolls
  A howler monkey skeleton (D:7)
  11 adders
  An ooze (D:7)
  4 worms
  8 leopard geckos
  27 orcs
  6 giant cockroaches
  13 goblins
  14 hobgoblins
  6 jackals (D:4)
  17 kobolds
  A quokka (D:10)
  A ball python (Sewer)
  12 bats
  9 frilled lizards
  11 rats
220 creatures vanquished.

Notes
Turn   | Place    | Note
-------+----------+-------------------------------------------
     0 | D:1      | JeffiDaFish the Gargoyle Earth Elementalist began the quest for the Orb.
     0 | D:1      | Reached XP level 1. HP: 10/10 MP: 3/3
   197 | D:1      | Reached XP level 2. HP: 15/15 MP: 1/5
   203 | D:1      | Reached skill level 4 in Earth Magic
  1047 | D:2      | Reached XP level 3. HP: 18/19 MP: 7/7
  1313 | D:2      | Learned a level 3 spell: Stone Arrow
  1489 | D:2      | Noticed Robin
  1513 | D:2      | Killed Robin
  1513 | D:2      | Reached XP level 4. HP: 13/24 MP: 1/8
  1521 | D:2      | Reached skill level 5 in Earth Magic
  2069 | D:3      | Reached XP level 5. HP: 22/28 MP: 3/10
  2311 | D:3      | Noticed Umoon's ghost (amateur TeSk)
  2457 | D:3      | Learned a level 5 spell: Lee's Rapid Deconstruction
  2464 | D:3      | Killed Umoon's ghost
  2464 | D:3      | Reached skill level 6 in Earth Magic
  2464 | D:3      | Reached XP level 6. HP: 32/32 MP: 3/12
  3005 | D:4      | Found a staircase to the Ecumenical Temple.
  3026 | Temple   | Entered the Ecumenical Temple
  3086 | Temple   | Became a worshipper of Vehumet
  3134 | D:4      | Noticed SmSkdm's ghost (amateur GnFE)
  3300 | D:4      | Killed SmSkdm's ghost
  3300 | D:4      | Reached skill level 5 in Spellcasting
  3300 | D:4      | Reached skill level 7 in Earth Magic
  3300 | D:4      | Reached XP level 7. HP: 36/36 MP: 5/14
  3448 | D:4      | Found a glowing drain.
  3472 | Sewer    | Entered a sewer
  3927 | D:4      | Noticed Natasha
  3929 | D:4      | Killed Natasha
  3949 | D:4      | Reached * piety under Vehumet
  3949 | D:4      | Offered knowledge of Shock by Vehumet.
  3949 | D:4      | Reached skill level 8 in Earth Magic
  3982 | D:4      | Noticed Natasha
  3986 | D:4      | Killed Natasha
  3986 | D:4      | Reached XP level 8. HP: 41/41 MP: 0/16
  4289 | D:4      | Noticed Natasha
  4299 | D:4      | Killed Natasha
  4642 | D:5      | Entered Level 5 of the Dungeon
  4853 | D:5      | Reached skill level 1 in Shields
  4980 | D:5      | Noticed BoShek's ghost (novice TrTm)
  4994 | D:5      | Killed BoShek's ghost
  4994 | D:5      | Reached skill level 9 in Earth Magic
  5118 | D:5      | Reached XP level 9. HP: 30/45 MP: 8/19
  5660 | D:5      | Noticed Eustachio
  5662 | D:5      | Killed Eustachio
  6162 | D:6      | Found a sacrificial altar of Ru.
  6174 | D:6      | Reached skill level 10 in Earth Magic
  6363 | D:6      | Noticed Grinder
  6366 | D:6      | Killed Grinder
  6472 | D:6      | Found a runed door.
  6476 | D:6      | Noticed Crazy Yiuf
  6478 | D:6      | Killed Crazy Yiuf
  6594 | D:6      | Learned a level 4 spell: Sticky Flame
  6952 | D:7      | Reached ** piety under Vehumet
  7091 | D:7      | Found Ulu Tol's Food Shop.
  7144 | D:7      | Reached skill level 1 in Conjurations
  7166 | D:7      | Offered knowledge of Magic Dart by Vehumet.
  7166 | D:7      | Reached skill level 1 in Fire Magic
  7256 | D:7      | Reached XP level 10. HP: 50/50 MP: 20/22
  7310 | D:7      | Reached skill level 11 in Earth Magic
  7700 | D:7      | You fall through a shaft for 3 floors!
  7700 | D:10     | Entered Level 10 of the Dungeon
  7916 | D:10     | Found a flagged portal.
  7933 | Bailey   | Entered a bailey
  7972 | Bailey   | Offered knowledge of Dazzling Spray by Vehumet.
  8031 | Bailey   | Reached *** piety under Vehumet
  8114 | Bailey   | Noticed an orc knight
  8127 | Bailey   | Mangled by an orc knight

Skill      XL: |  1  2  3  4  5  6  7  8  9 10 |
---------------+-------------------------------+-----
Earth Magic    | 4 5 6 7 8 9 10 11 | 11.2
Spellcasting   | 3 4 5 7 8 |  8.5
Shields        | 2 4 |  4.0
Dodging        | 2 3 4 |  4.0
Conjurations   | 1 2 |  2.1
Fire Magic     | 1 2 |  2.0
Stealth        | |  2.1
Transmutations | |  0.7

Action                   |  1- 3 |  4- 6 |  7- 9 | 10-12 || total
-------------------------+-------+-------+-------+-------++-------
Melee: Unarmed           |    17 |       |       |       ||    17
       Short sword       |    29 |       |       |       ||    29
       Dagger            |    56 |   138 |   171 |    51 ||   416
       Mace              |       |     9 |       |       ||     9
 Cast: Sandblast         |    31 |    46 |    67 |    34 ||   178
       Stone Arrow       |     2 |    16 |    45 |    21 ||    84
       Lee's Rapid Decon |       |       |    10 |     8 ||    18
  Use: Scroll            |     5 |     3 |     5 |     2 ||    15
       Potion            |     4 |     3 |     4 |       ||    11
 Stab: Sleeping          |     5 |     1 |       |     2 ||     8
  Eat: Chunk             |     2 |     7 |    17 |     3 ||    29
Armor: Robe              |    65 |    81 |    78 |    30 ||   254
Dodge: Dodged            |    95 |   103 |   129 |    59 ||   386
Block: Buckler           |       |       |     2 |    23 ||    25
